Map: Frostline LE

Players

LOTAR

  • Race: Terran Terran
  • League: Silver
  • Spawn Location: 1:00

iPlayDefense - Winner!

  • Race: Terran Terran
  • League: Bronze
  • Spawn Location: 7:00

VOD

Have the link to the VOD?

Description

Time

  • Played on: April 12, 2025, 10:14 p.m.
  • Length: 35:56
Show
View Real Time Build Order
Export as new Build Order

LOTAR Terran 

Build Orders:  

Get SALT Encoding   

  12  0:11  Supply Depot  
  12  0:16  SCV  
  13  0:28  SCV  
  14  0:40  SCV  
  15  0:52  Barracks  
  15  0:53  SCV  
  16  0:57  Refinery  
  16  1:04  Supply Depot  
  16  1:05  SCV  
  17  1:17  SCV  
  18  1:27  Refinery  
  18  1:29  SCV  
  19  1:41  SCV  
  20  1:47  Engineering Bay  
  20  1:53  SCV  
  21  2:05  SCV  
  21  2:06  Marine  
  23  2:17  SCV  
  23  2:18  Supply Depot  
  24  2:24  Supply Depot, Marine  
  24  2:29  SCV  
  26  2:35  Missile Turret  
  26  2:42  Marine  
  27  3:00  Marine  
  28  3:06  Command Center  
  28  3:17  Planetary Fortress  
  28  3:26  Barracks Reactor  
  28  3:39  Missile Turret  
  26  3:58  Supply Depot  
  25  4:05  Command Center  
  25  4:19  SCV  
  26  4:24  SCV  
  26  4:27  Marine  
  26  4:31  SCV  
  29  4:36  SCV  
  29  4:37  Terran Infantry Weapons Level 1  
  30  4:43  SCV  
  31  4:52  Missile Turret  
  31  4:55  SCV  
  32  5:02  SCV  
  33  5:07  SCV  
  34  5:14  SCV  
  34  5:17  Missile Turret  
  34  5:20  Planetary Fortress  
  35  5:26  SCV  
  36  5:34  Factory  
  36  5:38  SCV  
  36  5:40  Refinery  
  37  5:45  Missile Turret  
  37  5:49  Missile Turret  
  37  5:57  Missile Turret  
  37  6:00  SCV  
  37  6:04  Planetary Fortress  
  38  6:09  Missile Turret  
  38  6:12  SCV  
  39  6:21  Refinery  
  39  6:24  SCV  
  40  6:28  Starport  
  40  6:31  Hi-Sec Auto Tracking  
  40  6:36  SCV  
  40  6:39  Supply Depot  
  41  6:46  Factory Tech Lab  
  41  6:48  SCV  
  42  6:58  SCV  
  42  7:00  SCV  
  44  7:05  Starport  
  44  7:10  SCV  
  44  7:11  Marine x2  
  44  7:12  SCV  
  48  7:20  Medivac  
  48  7:22  SCV  
  51  7:24  SCV  
  51  7:28  Marine, Terran Infantry Armor Level 1  
  51  7:29  Marine  
  54  7:34  SCV  
  54  7:36  SCV  
  56  7:46  SCV, Marine  
  56  7:47  Marine  
  56  7:50  Medivac  
  61  7:52  Fusion Core  
  61  8:04  Marine  
  61  8:05  Marine  
  63  8:13  Missile Turret  
  63  8:14  Missile Turret  
  63  8:17  Missile Turret  
  63  8:19  Missile Turret  
  63  8:26  Starport Tech Lab x2  
  63  8:41  Missile Turret  
  63  8:57  Armory  
  63  9:01  Missile Turret  
  63  9:05  Battlecruiser  
  63  9:06  Battlecruiser  
  75  9:22  Neosteel Armor  
  75  9:24  SCV  
  76  9:35  Cyclone  
  76  9:36  SCV  
  80  9:44  Marine  
  80  9:45  Marine, Armory  
  82  9:49  SCV  
  82  9:50  Weapon Refit  
  83  10:01  SCV  
  83  10:02  Marine x2, Missile Turret  
  86  10:07  Cyclone  
  86  10:09  Viking  
  86  10:10  Viking  
  93  10:23  Supply Depot  
  93  10:24  Supply Depot  
  93  10:27  Supply Depot  
  93  10:31  Supply Depot  
  93  10:34  Supply Depot  
  93  10:37  Supply Depot  
  93  10:44  Raven, SCV x2, Marine x2  
  99  10:56  SCV  
  100  10:58  Siege Tank  
  100  11:02  Marine x2  
  105  11:08  SCV  
  106  11:13  Terran Vehicle Weapons Level 1  
  106  11:14  Terran Vehicle And Ship Armor Level 1  
  106  11:20  SCV  
  106  11:21  Armory  
  106  11:23  SCV  
  108  11:30  Cyclone  
  111  11:33  SCV, Command Center  
  111  11:35  SCV  
  111  11:38  Missile Turret  
  113  11:42  Missile Turret  
  113  11:46  Missile Turret  
  113  11:47  SCV  
  114  11:55  Missile Turret  
  114  11:59  SCV  
  115  12:02  Hellion  
  117  12:11  SCV  
  117  12:14  SCV  
  119  12:23  Supply Depot x3  
  119  12:24  Hellion  
  119  12:25  Refinery  
  119  12:27  SCV, Refinery  
  122  12:33  Missile Turret  
  122  12:35  Missile Turret  
  122  12:36  Missile Turret  
  118  12:39  SCV  
  107  12:44  Marine  
  107  12:45  Marine, Hellion  
  107  12:51  SCV  
  90  13:03  SCV  
  56  14:05  Cyclone  
  59  14:19  Barracks  
  59  14:24  Starport  
  59  14:37  Cyclone  
  56  15:04  SCV  
  57  15:07  Starport Tech Lab  
  57  15:09  Cyclone  
  54  15:15  Barracks  
  54  15:17  SCV  
  53  15:23  Barracks Reactor  
  53  15:29  SCV  
  53  15:34  Fusion Core  
  54  15:36  Infernal Pre-Igniter  
  54  15:41  SCV, Cyclone  
  58  15:54  SCV  
  59  16:05  Viking  
  59  16:06  SCV  
  59  16:07  Command Center  
  59  16:10  Barracks Tech Lab  
  62  16:13  Cyclone  
  62  16:17  Barracks  
  66  16:18  SCV  
  66  16:24  Starport  
  66  16:29  Marine x2  
  66  16:30  SCV  
  69  16:35  Viking  
  69  16:36  Starport  
  71  16:46  Hellion  
  71  16:47  Marine x2  
  73  16:53  Engineering Bay  
  75  16:55  Mag-Field Accelerator  
  75  16:56  Refinery  
  75  17:04  Marine  
  75  17:05  Marine, Viking  
  75  17:07  Siege Tank  
  64  17:41  Command Center  
  62  17:45  Starport  
  62  17:46  Supply Depot x2  
  62  17:47  Supply Depot  
  62  17:49  Supply Depot  
  62  17:51  Supply Depot  
  60  17:55  Supply Depot  
  60  18:08  Marine x2  
  60  18:10  Siege Tank  
  65  18:18  Planetary Fortress  
  65  18:25  SCV  
  65  18:26  Marine x2  
  65  18:37  SCV  
  63  18:43  Siege Tank  
  63  18:44  Marine x2  
  68  18:49  SCV  
  68  18:53  Starport Tech Lab, Caduceus Reactor  
  69  19:01  SCV  
  69  19:02  Marine x2  
  72  19:13  SCV  
  72  19:15  Siege Tank  
  72  19:16  Refinery  
  72  19:17  SCV  
  77  19:19  Marine  
  67  19:49  Advanced Ballistics  
  65  19:58  Starport Tech Lab  
  65  20:10  Command Center  
  65  20:14  Supply Depot  
  65  20:15  Supply Depot  
  65  20:17  Supply Depot  
  65  20:36  Marine x2  
  65  20:38  Battlecruiser  
  11  21:43  Supply Depot  
  11  21:44  Command Center  
  11  22:23  Fusion Core  
  11  22:34  Command Center  
  10  23:38  Battlecruiser  
  10  23:52  SCV  
  9  24:42  Battlecruiser  
  15  24:53  Command Center  
  15  25:46  Battlecruiser  
  21  26:08  Supply Depot  
  21  26:51  Battlecruiser  
  27  27:55  Battlecruiser  
  33  28:04  SCV  
  34  28:16  SCV  
  35  28:28  SCV  
  36  28:40  SCV  
  37  28:59  Battlecruiser  
  8  33:56  SCV  
  9  34:08  SCV  
  10  34:20  SCV  
  11  35:11  SCV  
Show
View Real Time Build Order
Export as new Build Order

iPlayDefense Terran - Winner!

Build Orders:  

Get SALT Encoding   

  12  0:00  SCV  
  13  0:13  SCV  
  14  0:18  Supply Depot  
  14  0:43  Barracks  
  14  0:45  Refinery  
  14  0:46  SCV  
  15  0:55  Supply Depot  
  15  0:58  SCV  
  16  1:31  Orbital Command  
  16  1:54  Barracks Reactor  
  16  1:56  Command Center  
  16  2:05  SCV  
  17  2:17  SCV  
  18  2:29  SCV  
  19  2:41  Marine x2  
  21  2:59  Marine x2  
  23  3:08  Orbital Command  
  23  3:10  Supply Depot  
  23  3:14  Factory  
  23  3:18  SCV  
  24  3:30  SCV  
  24  3:33  Supply Depot  
  25  3:42  SCV x2, Marine  
  25  3:43  Marine  
  29  3:54  SCV x2  
  30  3:57  Supply Depot  
  30  4:00  Marine  
  30  4:07  Factory Reactor  
  30  4:08  Barracks  
  30  4:10  Barracks  
  30  4:13  SCV x2  
  30  4:14  Marine  
  33  4:18  Supply Depot, Marine  
  34  4:25  SCV  
  34  4:26  Refinery  
  35  4:32  Marine  
  35  4:36  Marine  
  37  4:41  Supply Depot  
  37  4:46  SCV x2  
  37  4:50  Marine  
  40  4:54  Marine  
  40  4:58  SCV, Factory Tech Lab  
  40  4:59  Barracks Tech Lab x2  
  42  5:07  Marine  
  42  5:09  Supply Depot  
  43  5:28  Supply Depot  
  43  5:29  Supply Depot  
  43  5:32  SCV x2, Marine  
  43  5:33  Marine x3  
  49  5:40  Hellion  
  51  5:44  SCV  
  51  5:48  Starport  
  52  5:51  Marauder x2  
  56  6:02  Engineering Bay  
  56  6:03  Armory  
  56  6:05  SCV x2  
  56  6:06  Marine x2  
  60  6:12  Marine  
  60  6:13  Marauder  
  60  6:17  SCV  
  64  6:24  Marine  
  65  6:29  Refinery  
  65  6:31  Marauder  
  67  6:32  Refinery  
  67  6:33  SCV x2  
  67  6:34  Marine, Marauder  
  67  6:37  Siege Tank  
  75  6:41  Marine  
  75  6:43  Liberator  
  75  6:45  SCV  
  80  6:52  Marine, Marauder  
  83  6:55  Marauder  
  83  6:59  Marine  
  86  7:10  SCV x2  
  86  7:11  Marine  
  86  7:13  Siege Tank, Marauder  
  94  7:17  Marine, Marauder  
  94  7:22  SCV  
  98  7:29  Marine  
  99  7:33  Medivac x2  
  99  7:35  Marine, Marauder  
  106  7:38  Marauder  
  108  7:56  Marauder  
  110  8:05  Marauder  
  109  8:12  SCV  
  110  8:22  Supply Depot  
  110  8:24  Supply Depot  
  110  8:30  Combat Shield  
  110  8:31  Stimpack  
  110  8:43  Terran Infantry Weapons Level 1, Marine x4  
  110  8:44  SCV, Siege Tank  
  110  8:45  Supply Depot, SCV, Liberator, Command Center, Medivac  
  110  8:47  Supply Depot  
  124  9:02  Marauder  
  126  9:07  SCV x2, Marine x2, Marauder  
  132  9:15  Medivac  
  132  9:16  Siege Tank  
  137  9:17  Supply Depot  
  137  9:19  Supply Depot, SCV  
  137  9:22  Marine  
  139  9:24  Marine, Missile Turret  
  139  9:29  Missile Turret x2, Marauder  
  139  9:31  Missile Turret  
  142  9:41  Marauder, Barracks  
  142  9:43  Barracks  
  144  9:48  Siege Tank  
  144  9:50  Marauder  
  149  9:53  Missile Turret  
  149  9:54  Missile Turret  
  149  10:02  Marauder  
  149  10:03  Supply Depot  
  149  10:04  Marine x2  
  149  10:05  Supply Depot  
  153  10:08  Medivac  
  153  10:09  Medivac  
  153  10:11  Marine  
  158  10:20  Siege Tank  
  161  10:22  Marine  
  161  10:24  Marauder  
  162  10:29  Marauder  
  162  10:33  Barracks Reactor x2  
  164  10:45  Marauder  
  166  10:52  Siege Tank  
  166  10:54  SCV x2  
  166  10:55  Marine x3  
  174  11:00  Medivac  
  176  11:05  Supply Depot  
  176  11:06  Supply Depot, SCV x2, Marine  
  176  11:08  Terran Infantry Armor Level 1  
  179  11:14  Marauder  
  181  11:24  Siege Tank, Marauder  
  186  11:35  Marauder  
  188  11:45  Terran Vehicle Weapons Level 1  
  188  11:56  Thor  
  194  12:13  Orbital Command  
  194  12:15  Marine x4  
  194  12:16  Marauder  
  159  13:02  Terran Infantry Weapons Level 2  
  123  13:31  SCV x2  
  123  13:32  SCV  
  112  13:35  Marine  
  112  13:36  Marine x5  
  112  13:37  Marine x2  
  112  13:39  Thor  
  110  13:42  Medivac x2  
  110  13:43  SCV  
  110  13:55  Marauder x2  
  108  14:01  Supply Depot  
  107  14:03  Supply Depot  
  107  14:12  Medivac x2  
  107  14:15  Refinery  
  107  14:16  Marauder  
  113  14:18  Marine x4, Refinery  
  113  14:19  Marine x3  
  113  14:22  Thor  
  126  14:37  Marauder  
  126  14:38  Marauder  
  130  14:42  Viking, Medivac  
  130  14:44  Missile Turret  
  130  14:45  Missile Turret  
  134  14:49  Missile Turret  
  132  14:59  Marauder  
  130  15:04  Thor  
  133  15:12  Medivac  
  134  15:40  SCV x3  
  134  15:42  Marine  
  137  15:43  Marine x7  
  137  15:47  Thor, Medivac x2  
  155  15:52  SCV x3  
  158  16:02  Terran Vehicle Weapons Level 2, Marauder x2  
  163  16:04  SCV x3  
  165  16:16  SCV x3  
  165  16:17  Viking  
  170  16:23  Marauder x2  
  174  16:28  SCV x3  
  174  16:30  Thor  
  178  17:13  Thor  
  168  17:53  Command Center  
  168  17:56  Thor  
  170  19:04  Marine x8  
  178  19:13  Thor  
  178  19:15  Viking x2  
  188  19:22  Marine x8  
  193  19:39  Marine  
  193  19:40  Marine x6  
  115  21:48  Marine x8  
  115  21:50  Thor  
  115  21:52  Medivac  
  115  21:53  Medivac  
  133  22:06  Marine x3  
  133  22:07  Marauder x2  
  140  22:22  Medivac  
  142  22:23  Viking  
  142  22:28  Marauder x2  
  148  22:33  Thor  
  154  22:50  Marauder x2  
  158  22:52  Viking  
  158  22:53  Viking  
  162  23:11  Marauder x2  
  166  23:16  Thor  
  172  23:22  Viking  
  172  23:23  Viking  
  175  23:59  Thor  
  181  24:42  Thor  
  187  25:28  Viking  
  189  25:29  Viking  
  191  25:58  Viking  
  191  25:59  Viking  
  195  26:07  Starport x2  
  195  26:09  Starport  
  195  26:28  Viking x2  
  199  27:19  Starport Reactor  
  199  27:20  Starport Reactor  
  199  27:21  Starport Reactor  
  199  28:01  SCV  
  198  30:02  Viking  
  168  34:40  Orbital Command  
  168  34:59  Thor  
Tags
 
Matchup
TvT
Race
Terran
Replay Pack
DaveSC2
Spawn Locations
Cross Positions
Add a new tag
Caveats
  • Supply blocks, unpowered buildings, or Contaminate may cause inaccurate times.
  • Supply counts are checked every 10 seconds.